cohdb
Replays
Latest Replays
All Replays
Popular Replays
Top Player Replays
Match Explorer
How It Works
Community
CoH3 Stats
Reddit
Sign in to upload your games and track your stats! →
Sign in with Steam
Match 39350639
Unlisted
Match 39350639
Overview
Messages
Build Orders
End
Construct Section Command Post
Infantry Section
Infantry Section
Infantry Section
Construct Platoon Command Post
ML 3-inch Mortar Team
Humber Armored Car
Selects Air and Sea Battlegroup
Selects Commando Section Paradrop
Construct Company Command Post
Infantry Training
Crusader II Medium Tank
Selects Supply Surplus
Crusader II Medium Tank
Commando Section Paradrop
Crusader II Medium Tank
Armored Vehicle Training
DibbeTC
Mad Mac
mendaciouspolyglot
Jojoleix
KingImRing
Tudounaozi
0
0
Comments
sign in to comment!
No comments posted yet!